Workbook

Sheet FC Livre
B2: DEMONSTRAÇÃO DO RESULTADO X2 | E2: FLUXO DE CAIXA LIVRE X2 | H2: FLUXO DE CAIXA LIVRE X2
B3: Receita Líquida de Vendas | C3: 320000 | E3: Receita Líquida de Vendas | F3: 320000 | H3: EBTIDA | I3: =F10-F9 -> 158000
B4: (-) Custo dos Produtos Vendidos | C4: -110000 | E4: (-) Custo dos Produtos Vendidos | F4: -110000 | H4: (-) IR/CSLL sobre EBIT | I4: =-(I3+F9)*0.34 -> -46920
B5: Lucro Bruto | C5: =C3+C4 -> 210000 | E5: Lucro Bruto | F5: =F3+F4 -> 210000 | H5: (-) Necessidade de capital de giro | I5: -32180
B6: (-) Despesas Operacionais | E6: (-) Despesas Operacionais | H6: (-) Investimento em CAPEX | I6: -50000
B7: Despesas com salários | C7: -37000 | E7: Despesas com salários | F7: -37000 | H7: Fluxo de caixa livre | I7: =SUM(I3:I6) -> 28900
B8: Despesas com aluguel | C8: -15000 | E8: Despesas com aluguel | F8: -15000
B9: Despesas com depreciação | C9: -20000 | E9: Despesas com depreciação | F9: -20000
B10: Despesas Financeiras | C10: -11000 | E10: Resultado operacional antes do IR/CSLL | F10: =SUM(F5:F9) -> 138000
B11: Lucro antes do IR/CSLL | C11: =SUM(C5:C10) -> 127000 | E11: (-) IR/CSLL sobre resultado operacional (34%) | F11: =-0.34*F10 -> -46920
B12: (-) IR/CSLL (34%) | C12: =-0.34*C11 -> -43180 | E12: Resultado operacional após o IR/CSLL | F12: =F10+F11 -> 91080
B13: Lucro líquido | C13: =C11+C12 -> 83820 | E13: (+) Depreciação | F13: =-F9 -> 20000
E14: (-) Necessidade de capital de giro | F14: -32180
E15: (-) Investimento em CAPEX | F15: -50000
E16: Fluxo de caixa livre | F16: =F12+F13+F14+F15 -> 28900

Sheet Perpetuidade
B2: Perpetuidade = Último ano Período Explícito × (1 + g) / (WACC – g)
B4: FC ano 5 | C4: 4191
B5: Taxa (g) | C5: 0.035
B6: WACC | C6: 0.1459
B7: Perpetuidade | C7: =(C4*(1+C5))/(C6-C5) -> 39113.481 | D7: Ano 5
B8: VP Perpetuidade | C8: =C7/(1+C6)^5 -> 19796.703
B10: 1 | C10: =C4*(1+C5) -> 4337.685 | D10: =C10/(1+$C$6)^B10 -> 3785.3958
B11: 2 | C11: =C10*(1+$C$5) -> 4489.504 | D11: =C11/(1+$C$6)^B11 -> 3419.0458
B12: 3 | C12: =C11*(1+$C$5) -> 4646.6366 | D12: =C12/(1+$C$6)^B12 -> 3088.1512
B13: 4 | C13: =C12*(1+$C$5) -> 4809.2689 | D13: =C13/(1+$C$6)^B13 -> 2789.2804
B14: 5 | C14: =C13*(1+$C$5) -> 4977.5933 | D14: =C14/(1+$C$6)^B14 -> 2519.3344
B15: 6 | C15: =C14*(1+$C$5) -> 5151.8091 | D15: =C15/(1+$C$6)^B15 -> 2275.5136
B16: 7 | C16: =C15*(1+$C$5) -> 5332.1224 | D16: =C16/(1+$C$6)^B16 -> 2055.2898
B17: 8 | C17: =C16*(1+$C$5) -> 5518.7467 | D17: =C17/(1+$C$6)^B17 -> 1856.3792
B18: 9 | C18: =C17*(1+$C$5) -> 5711.9028 | D18: =C18/(1+$C$6)^B18 -> 1676.7192
B19: 10 | C19: =C18*(1+$C$5) -> 5911.8194 | D19: =C19/(1+$C$6)^B19 -> 1514.4466
B20: 11 | C20: =C19*(1+$C$5) -> 6118.7331 | D20: =C20/(1+$C$6)^B20 -> 1367.8787
B21: 12 | C21: =C20*(1+$C$5) -> 6332.8887 | D21: =C21/(1+$C$6)^B21 -> 1235.4957
B22: 13 | C22: =C21*(1+$C$5) -> 6554.5398 | D22: =C22/(1+$C$6)^B22 -> 1115.9246
... B171: 162 | C171: =C170*(1+$C$5) -> 1103200.2 | D171: =C171/(1+$C$6)^B171 -> 0.00028899197
D172: =SUM(D10:D171) -> 39113.478

Sheet Atividade 1
B2: EBITDA apresentado | D2: 3200
B4: Ajuste | C4: Sinal | D4: Valor (R$ mil) | E4: Raciocínio
B5: 1. Pró-labore excessivo | C5: SOMA (+) | D5: 480 | E5: Despesa R$ 480k acima do mercado foi subtraída do EBITDA; deve ser devolvida
B6: 2. Reforma não recorrente | C6: SOMA (+) | D6: 180 | E6: Despesa que não se repetirá; inflou custos do período, não reflete recorrência
B7: 3. Aluguel abaixo do mercado | C7: SUBTRAI (–) | D7: -310 | E7: Empresa 'economizou' R$ 310k vs. mercado; um comprador pagaria mais → EBITDA cai
B8: 4. Despesas pessoais | C8: SOMA (+) | D8: 95 | E8: Não são despesas do negócio; retirá-las aumenta o EBITDA recorrente
B9: 5. Receita de venda de veículo | C9: SUBTRAI (–) | D9: -60 | E9: Receita não recorrente; inflou o EBITDA do período
B10: EBITDA NORMALIZADO | D10: =D2+D5+D6+D7+D8+D9 -> 3585

Sheet Atividade 2
B2: EBITDA NORMALIZADO | C2: ='Atividade 1'!D10 -> 3585 | E2: Ano | F2: FCL (R$ mil) | G2: Fator VP | H2: VP do FCL (R$ mil)
B3: Depreciação e Amortização | C3: 280 | E3: 1 | F3: =C11*(1+$C$14) -> 2157.441 | G3: =(1+$C$13)^1 -> 1.132 | H3: =F3/G3 -> 1905.8666
B4: CAPEX | C4: 380 | E4: 2 | F4: =F3*(1+$C$14) -> 2308.4619 | G4: =(1+$C$13)^2 -> 1.281424 | H4: =F4/G4 -> 1801.4817
B5: NCG | C5: 65 | E5: 3 | F5: =F4*(1+$C$14) -> 2470.0542 | G5: =(1+$C$13)^3 -> 1.450572 | H5: =F5/G5 -> 1702.814
B6: Alíquota | C6: 0.34 | E6: 4 | F6: =F5*(1+$C$14) -> 2642.958 | G6: =(1+$C$13)^4 -> 1.6420475 | H6: =F6/G6 -> 1609.5503
E7: 5 | F7: =F6*(1+$C$14) -> 2827.9651 | G7: =(1+$C$13)^5 -> 1.8587977 | H7: =F7/G7 -> 1521.3947
B8: Etapa | C8: Resultado (R$ mil) | E8: VP FCL (anos 1–5) | F8: =SUM(F3:F7) -> 12406.88 | H8: =SUM(H3:H7) -> 8541.1073
B9: EBIT | C9: =C2-C3 -> 3305
B10: IR sobre EBIT | C10: =C9*C6 -> 1123.7 | F10: VP = VF / (1 + i)^n
B11: FCL ano-base | C11: =C2-C10-C4-C5 -> 2016.3 | D11: =_xlfn.FORMULATEXT(C11) -> =C2-C10-C4-C5
B13: WACC | C13: 0.132
B14: Crescimento período explícito | C14: 0.07

Sheet CT
B2: Empréstimo | C2: 2000000 | E2: Kd líquido | F2: =C3*(1-C5) -> 0.165
B3: Taxa de juros | C3: 0.25
B4: Despesa financeira | C4: =C3*C2 -> 500000
B5: Alíquota IR/CSLL | C5: 0.34
B6: Economia IR/CSLL | C6: =C5*C4 -> 170000
B8: Custo efetivo (em R$) | C8: =C4-C6 -> 330000
B9: Custo efetivo (em %) | C9: =C8/C2 -> 0.165

Sheet Beta Desalavancado
B2: Empresa | C2: βa | D2: Imposto | E2: D/E | F2: βd
B3: 1 | C3: 1.23 | D3: 0.34 | E3: 0.55 | F3: =C3/(1+(E3*(1-D3))) -> 0.90242113 | G3: =_xlfn.FORMULATEXT(F3) -> =C3/(1+(E3*(1-D3)))
B4: 2 | C4: 0.98 | D4: 0.34 | E4: 0.37 | F4: =C4/(1+(E4*(1-D4))) -> 0.78765472 | G4: =_xlfn.FORMULATEXT(F4) -> =C4/(1+(E4*(1-D4)))
B5: 3 | C5: 1.44 | D5: 0.34 | E5: 0.75 | F5: =C5/(1+(E5*(1-D5))) -> 0.9632107 | G5: =_xlfn.FORMULATEXT(F5) -> =C5/(1+(E5*(1-D5)))
B6: 4 | C6: 1.04 | D6: 0.34 | E6: 0.47 | F6: =C6/(1+(E6*(1-D6))) -> 0.79377194 | G6: =_xlfn.FORMULATEXT(F6) -> =C6/(1+(E6*(1-D6)))
B7: 5 | C7: 1.08 | D7: 0.34 | E7: 0.61 | F7: =C7/(1+(E7*(1-D7))) -> 0.76999857 | G7: =_xlfn.FORMULATEXT(F7) -> =C7/(1+(E7*(1-D7)))
B8: 6 | C8: 0.92 | D8: 0.34 | E8: 0.62 | F8: =C8/(1+(E8*(1-D8))) -> 0.65285268 | G8: =_xlfn.FORMULATEXT(F8) -> =C8/(1+(E8*(1-D8)))
B10: 0,65 - 0,77 - 0,79 - 0,79 - 0,90 - 0,96
B12: Mediana | C12: 0.79
B13: D/E | C13: 0.88
B14: Beta Fechado | C14: =C12*(1+(C13*(1-D3))) -> 1.248832 | D14: =_xlfn.FORMULATEXT(C14) -> =C12*(1+(C13*(1-D3)))

Sheet Atividade 3
B2: Parâmetro | C2: Valor
B3: Beta alavancado observado (β) | C3: 0.94 | E3: Ke | F3: =C4+(C3*C5)+C6 -> 0.124 | G3: =_xlfn.FORMULATEXT(F3) -> =C4+(C3*C5)+C6
B4: Taxa livre de risco (Rf) T-Bonds | C4: 0.055 | E4: Kd | F4: =C7*(1-C8) -> 0.0792 | G4: =_xlfn.FORMULATEXT(F4) -> =C7*(1-C8)
B5: Prêmio de risco adicional (Rm - Rf) | C5: 0.05 | E5: % CP | F5: =C9 -> 0.68 | G5: =_xlfn.FORMULATEXT(F5) -> =C9
B6: Risco-país | C6: 0.022 | E6: % CT | F6: =C10 -> 0.32 | G6: =_xlfn.FORMULATEXT(F6) -> =C10
B7: Custo da dívida bruto (Kd) | C7: 0.12 | E7: WACC | F7: =(F3*F5)+(F4*F6) -> 0.109664 | G7: =_xlfn.FORMULATEXT(F7) -> =(F3*F5)+(F4*F6)
B8: Alíquota IR + CSLL (t) | C8: 0.34
B9: Peso capital próprio E/(D+E) | C9: 0.68
B10: Peso da dívida D/(D+E) | C10: 0.32

Sheet Atividade 4
B2: Comparável | C2: Beta alavancado (β) | D2: D/E observado | E2: Alíquota t | F2: βd
B3: Alfa Metais S.A. | C3: 1.25 | D3: 0.45 | E3: 0.34 | F3: =C3/(1+(D3*(1-E3))) -> 0.96376253 | G3: =_xlfn.FORMULATEXT(F3) -> =C3/(1+(D3*(1-E3)))
B4: Beta Indústria S.A. | C4: 1.1 | D4: 0.3 | E4: 0.34 | F4: =C4/(1+(D4*(1-E4))) -> 0.91819699 | G4: =_xlfn.FORMULATEXT(F4) -> =C4/(1+(D4*(1-E4)))
B5: Gama Componentes S.A. | C5: 1.4 | D5: 0.6 | E5: 0.25 | F5: =C5/(1+(D5*(1-E5))) -> 0.96551724 | G5: =_xlfn.FORMULATEXT(F5) -> =C5/(1+(D5*(1-E5)))
B7: Mediana | C7: =F3 -> 0.96376253 | D7: =_xlfn.FORMULATEXT(C7) -> =F3
B8: D/E Fechada | C8: =0.25/0.75 -> 0.33333333 | D8: =_xlfn.FORMULATEXT(C8) -> =0,25/0,75
B9: Alíquota IR/CSLL | C9: 0.34
B10: Beta Alavancado Fechada | C10: =C7*(1+(C8*(1-C9))) -> 1.1757903 | D10: =_xlfn.FORMULATEXT(C10) -> =C7*(1+(C8*(1-C9)))

Sheet Atividade 5
B2: Etapa | C2: Cenário A | D2: Cenário B
B3: Taxa de crescimento (g) | C3: 0.035 | D3: 0.05
B4: WACC | C4: ='Atividade 2'!C13 -> 0.132 | D4: =C4 -> 0.132
B5: FC Livre Ano 5 | C5: ='Atividade 2'!F7 -> 2827.9651 | D5: ='Atividade 2'!F7 -> 2827.9651
B6: Valor da Perpetuidade | C6: =C5*(1+C3)/(C4-C3) -> 30174.679 | D6: =D5*(1+D3)/(D4-D3) -> 36211.748
B7: VP da Perpetuidade | C7: =C6/(1+C4)^5 -> 16233.438 | D7: =D6/(1+D4)^5 -> 19481.274
B8: VP FC Livre (Anos 1 a 5) | C8: ='Atividade 2'!H8 -> 8541.1073 | D8: =C8 -> 8541.1073
B9: Enterprise Value (EV) | C9: =C8+C7 -> 24774.546 | D9: =D8+D7 -> 28022.381
B10: Dívida Líquida | C10: 1800 | D10: 1800
B11: Equity Value | C11: =C9-C10 -> 22974.546 | D11: =D9-D10 -> 26222.381
B13: Comparação | C13: Valor
B14: Equity A (g=3,5%) | C14: =C11 -> 22974.546
B15: Equity B (g=5,0%) | C15: =D11 -> 26222.381
B16: Impacto absoluto | C16: =C15-C14 -> 3247.8353
B17: Impacto percentual | C17: =C16/C14 -> 0.14136668
B18: Peso da Perpetuidade no EV (cenário A) | C18: =C7/C9 -> 0.65524666
B20: Por que a g de 7% seria incorreto na perpetuidade?
B21: Insustentável no longo prazo

Sheet Atividade 6
B2: Empresa | C2: EV/EBITDA
B3: Alfa Distribuidora S.A. | C3: 7,2x
B4: Gama Varejo e Dist. S.A. | C4: 7,6x
B5: Delta Commerce S.A. | C5: 8,0x
B7: Beta: Margem 3x maior - Não é comparável
B9: Épsilon: Empresa industrial - Não é comparável
B11: Mediana | C11: 7.6
B12: EBITDA NORMALIZADO | C12: ='Atividade 2'!C2 -> 3585
B13: Enterprise Value | C13: =C11*C12 -> 27246
B14: Dívida Líquida | C14: 1800
B15: Equity Value Múltiplos | C15: =C13-C14 -> 25446
B17: Equity Value FCD | C17: ='Atividade 5'!C11 -> 22974.546

Sheet Atividade 7
B2: WACC | C2: 0.132
B4: Tipo | C4: EBITDA incremental | D4: VP EBITDA
B5: Custo | C5: 650 | D5: =C5/$C$2 -> 4924.2424
B6: Receita | C6: 280 | D6: =C6/$C$2 -> 2121.2121
B7: Financeira | C7: 220 | D7: =C7/$C$2 -> 1666.6667
B8: TOTAL | C8: =SUM(C5:C7) -> 1150 | D8: =SUM(D5:D7) -> 8712.1212
B10: Cálculo | C10: Valor
B11: EV standalone da Serra | C11: 14000
B12: VP total das sinergias | C12: =D8 -> 8712.1212
B13: EV máximo a pagar (standalone + sinergia) | C13: =C11+C12 -> 22712.121
B14: Preço proposto | C14: 17500
B15: Prêmio sobre standalone | C15: =C14-C11 -> 3500 | D15: =C15/C11 -> 0.25
B16: Sinergia retida pelo comprador | C16: =C12-C15 -> 5212.1212 | D16: =C16/C12 -> 0.59826087
B18: O negócio faz sentido? Como interpretar os números?
B19: Sim, pois a empresa pagará R$ 3,5 mil acima do valor standalone, mas obterá R$ 8,7 mil de sinergias, retendo R$ 5,2 mil de valor líquido criado pela transação
